 Dungeon Crawl Stone Soup version 0.22.0-32-gbc6daba (webtiles) character file.

7172 Monsterracer the Cleaver (level 11, -5/102 HPs)
             Began as a Naga Gladiator on Aug 23, 2018.
             Was a High Priest of Cheibriados.
             Slain by a five-headed hydra (12 damage)
             ... on level 1 of the Lair of Beasts.
             The game lasted 00:16:03 (13623 turns).

Monsterracer the Cleaver (Naga Gladiator)          Turns: 13623, Time: 00:16:05

Health: -5/102     AC: 20    Str: 29    XL:     11   Next: 11%
Magic:  15/15      EV:  5    Int: 24    God:    Cheibriados [*****.]
Gold:   436        SH: 19    Dex: 24    Spells: 10/10 levels left

rFire    . . .     SeeInvis +   b - +0 flail
rCold    . . .     Gourm    .   C - +0 large shield (curse)
rNeg     . . .     Faith    .   t - +0 scale mail
rPois    +         Spirit   .   f - +0 helmet
rElec    .         Reflect  +   A - +0 cloak
rCorr    .         Harm     .   o - +1 pair of gloves
MR       ++...                  x - +0 naga barding
Stlth    +.........             u - +2 amulet of reflection
HPRegen  0.27/turn              m - +3 ring of protection
MPRegen  0.14/turn              y - ring of protection from magic {!d}

@: very slow
A: large, see invisible, deformed body, poison resistance, slowness 2, slow
metabolism 1, spit poison 1, AC +3
a: Spit Poison, Bend Time, Temporal Distortion, Slouch, Step From Time, Renounce
Religion


You were on level 1 of the Lair of Beasts.
You worshipped Cheibriados.
Cheibriados was extremely pleased with you.
You were not hungry.

You visited 2 branches of the dungeon, and saw 11 of its levels.

You collected 436 gold pieces.

Inventory:

Hand Weapons
 a - a +1 war axe
 b - a +0 flail (weapon)
Missiles
 s - a throwing net (quivered)
Armour
 f - a +0 helmet (worn)
 o - a +1 pair of gloves (worn)
 t - a +0 scale mail (worn)
 x - a +0 naga barding (worn)
 A - a +0 cloak (worn)
 C - a cursed +0 large shield (worn)
Jewellery
 m - a +3 ring of protection (left hand)
 u - a +2 amulet of reflection (around neck)
 y - a ring of protection from magic (right hand) {!d}
Wands
 l - a wand of iceblast (20)
 q - a wand of polymorph (13)
 r - a wand of paralysis (43)
 D - a wand of digging (13)
Scrolls
 e - 2 scrolls of teleportation {!r}
 g - 4 scrolls of identify
 p - 2 scrolls of amnesia
 v - a scroll of fear {!r}
 B - a scroll of remove curse
 F - a scroll of magic mapping {!r}
 G - a scroll of fog
Potions
 d - 2 potions of flight
 h - a potion of magic
 i - 2 potions of agility
 j - 7 potions of curing
 n - 4 potions of heal wounds
 w - a potion of brilliance
 z - a potion of mutation {!q}
 E - a potion of cancellation
Comestibles
 c - 27 rations


   Skills:
 + Level 7.7 Fighting
 * Level 11.0 Axes
 - Level 1.7 Throwing
 + Level 5.0 Armour
 - Level 2.4 Dodging
 + Level 5.2 Shields
 + Level 6.2 Invocations


You had 10 spell levels left.
You didn't know any spells.
Your spell library contained the following spells:

 Spells                   Type           Power        Failure   Level  Hunger
 Beastly Appendage        Tmut           #.....       94%         1    ##.....
 Sticks to Snakes         Tmut           #.......     98%         2    ###....
 Spider Form              Tmut/Pois      #.........   100%        3    ####...
 Ice Form                 Ice/Tmut       #.......     100%        4    #####..
 Blade Hands              Tmut           #.........   100%        5    ######.


Dungeon Overview and Level Annotations

Branches:
Dungeon (10/15)            Temple (0/1) D:7            Lair (1/6) D:10
    Orc: D:9-12

Altars:
Ashenzari
Cheibriados
Fedhas
Gozag
Hepliaklqana
Nemelex Xobeh
Qazlal
Sif Muna
Trog
Uskayaw
Yredelemnul

Shops:
D:6 :   D:10 :

Annotations:
D:2 exclusion: oklob plant
D:4 1 runed door


Innate Abilities, Weirdness & Mutations

You cannot wear boots.
Your serpentine skin is tough. (AC +3)
You have supernaturally acute eyesight. (SInv)
Armour fits poorly on your strangely shaped body.
Your system is resistant to poisons. (rPois)
You cover ground very slowly.
You have a slow metabolism.
You can spit poison.


Message History

You start resting.
The five-headed hydra is too close now for your liking.
You regained 46 hp, and now have 78/102 hp.
The five-headed hydra roars!
You hit the five-headed hydra.
The five-headed hydra is lightly wounded.
The five-headed hydra bites you!
You block the five-headed hydra's attack.
The five-headed hydra barely misses you.
The five-headed hydra bites you.
You block the five-headed hydra's attack.
You take 16 damage, and have 64/102 hp.
Throwing (i - inventory)
s - 2 throwing nets (quivered)
Press: ? - help, Shift-Dir - straight line, f - five-headed hydra
Aim: a five-headed hydra (lightly wounded)
You throw a throwing net.
The throwing net hits the five-headed hydra.
The five-headed hydra is caught in the net!
The five-headed hydra is lightly wounded.
The five-headed hydra struggles against the net. x2
You sock the five-headed hydra!
The five-headed hydra is lightly wounded.
The five-headed hydra struggles against the net.
You thump the five-headed hydra!
The five-headed hydra is moderately wounded.
The five-headed hydra struggles against the net.
You catch the helpless five-headed hydra completely off-guard!
You sock the five-headed hydra!
The five-headed hydra is heavily wounded.
The five-headed hydra struggles against the net.
You completely miss the five-headed hydra.
The five-headed hydra is heavily wounded.
The five-headed hydra struggles against the net.
The net rips apart, and the five-headed hydra comes free!
You sock the five-headed hydra!
The five-headed hydra is severely wounded.
You block the five-headed hydra's attack. x2
The five-headed hydra bites you! The five-headed hydra bites you.
The five-headed hydra bites you but does no damage.
You take 12 damage, and have 54/102 hp.
You sock the five-headed hydra!
The five-headed hydra is almost dead.
You block the five-headed hydra's attack.
The five-headed hydra bites you but does no damage.
You block the five-headed hydra's attack.
The five-headed hydra bites you!
* * * LOW HITPOINT WARNING * * *
The five-headed hydra bites you.
* * * LOW HITPOINT WARNING * * *
The five-headed hydra bites you.
* * * LOW HITPOINT WARNING * * *
The five-headed hydra bites you.
* * * LOW HITPOINT WARNING * * *
You block the five-headed hydra's attack. x2
The five-headed hydra bites you but does no damage.
You take 17 damage, and have 37/102 hp.
Unknown command.
Throwing (i - inventory)
s - a throwing net (quivered)
Press: ? - help, Shift-Dir - straight line, f/p - five-headed hydra
Aim: a five-headed hydra (almost dead)
Okay, then.
You hit the five-headed hydra but do no damage.
The five-headed hydra is almost dead.
You block the five-headed hydra's attack. x2
The five-headed hydra bites you.
* * * LOW HITPOINT WARNING * * *
The five-headed hydra closely misses you.
The five-headed hydra bites you!
* * * LOW HITPOINT WARNING * * *
You take 9 damage, and have 28/102 hp.
Unknown command.
Unknown command.
You barely miss the five-headed hydra.
The five-headed hydra is almost dead.
You block the five-headed hydra's attack. x3
The five-headed hydra bites you but does no damage. x2
Unknown command.
You sock the five-headed hydra!
The five-headed hydra is almost dead.
You block the five-headed hydra's attack.
The five-headed hydra bites you!
* * * LOW HITPOINT WARNING * * *
The five-headed hydra bites you but does no damage.
The five-headed hydra bites you.
* * * LOW HITPOINT WARNING * * *
You block the five-headed hydra's attack.
You take 10 damage, and have 19/102 hp.
Unknown command.
Unknown command.
You hit the five-headed hydra.
The five-headed hydra is almost dead.
The five-headed hydra bites you but does no damage. x2
You block the five-headed hydra's attack. x2
The five-headed hydra bites you but does no damage.
The five-headed hydra bites you.
* * * LOW HITPOINT WARNING * * *
The five-headed hydra bites you!
* * * LOW HITPOINT WARNING * * *
The five-headed hydra bites you!
You die...

#.##'##.# # ## #..### #
##..# ## ###.+#### # ...
#....<..# ### ....
#.......# ##.. .....##
###.......# #...
.....?.##P#.......###.#.
..>....@D.#...รท...'.....
.......##.........#####.
......# ###........# ##
.....# #.......## # #####
##+.###.# # ####.## ###
#.##.### #......#
#......##


You could see a five-headed hydra.

Vanquished Creatures
  An unseen horror (D:10)
  A black mamba (Lair:1)
  The ghost of Defined the Skirmisher, an amateur HOFi (D:4)
  2 trolls (D:10)
  Grinder (D:3)
  Prince Ribbit (D:8)
  A wyvern (D:10)
  A human (D:7)
  A hungry ghost (D:9)
  2 ice beasts
  2 orc warriors
  A sky beast (D:10)
  5 wolves (Lair:1)
  7 ogres
  A necrophage (D:7)
  3 centaurs
  A crocodile (D:9)
  2 big kobolds (D:8)
  9 bullfrogs
  A wyvern skeleton (D:9)
  3 killer bees (D:9)
  4 howler monkeys
  2 crimson imps
  3 centaur zombies
  A quasit (D:7)
  2 jellies (D:8)
  7 hounds
  A gnoll shaman (D:6)
  6 orc priests
  3 bullfrog skeletons
  A centaur skeleton (D:10)
  An iguana (D:8)
  Ijyb (D:3)
  Natasha (thrice) (D:3)
  11 orc wizards
  6 worker ants
  A hound zombie (D:8)
  A hound skeleton (D:8)
  11 gnolls
  6 adders
  A shadow imp (D:9)
  An ooze (D:2)
  4 worms
  A dart slug (D:2)
  5 leopard geckos
  40 orcs
  2 ball pythons
  13 bats
  8 giant cockroaches
  9 hobgoblins
  13 kobolds
  2 quokkas
  5 frilled lizards
  4 goblins
  A leopard gecko skeleton (D:5)
  A quokka skeleton (D:8)
  A quokka zombie (D:7)
  11 rats
240 creatures vanquished.

Notes
Turn   | Place    | Note
-------+----------+-------------------------------------------
     0 | D:1      | Monsterracer the Naga Gladiator began the quest for the Orb.
     0 | D:1      | Reached XP level 1. HP: 19/19 MP: 1/1
   270 | D:1      | HP: 9/19 [leopard gecko (4)]
   274 | D:1      | HP: 3/19 [leopard gecko (3)]
   275 | D:1      | Reached XP level 2. HP: 4/26 MP: 2/2
  1300 | D:1      | Reached XP level 3. HP: 33/33 MP: 3/3
  1551 | D:2      | HP: 16/33 [rat (2)]
  1560 | D:2      | Reached skill level 4 in Axes
  1561 | D:2      | HP: 13/33 [adder (2)]
  1567 | D:2      | HP: 13/33 [rat (1)]
  1873 | D:2      | Reached XP level 4. HP: 23/40 MP: 4/4
  2357 | D:2      | Found a deep blue altar of Sif Muna.
  2516 | D:2      | Found a blossoming altar of Fedhas.
  2529 | D:2      | Noticed an oklob plant
  2723 | D:3      | Noticed Natasha
  2727 | D:3      | Killed Natasha
  2920 | D:3      | Noticed Natasha
  2930 | D:3      | Killed Natasha
  2930 | D:3      | Reached skill level 5 in Axes
  2930 | D:3      | Reached XP level 5. HP: 42/49 MP: 5/5
  3316 | D:3      | Noticed Natasha
  3325 | D:3      | HP: 22/49 [shadow imp/nerve-wracking pain[Natasha] (13)]
  3330 | D:3      | Killed Natasha
  3560 | D:3      | Noticed Ijyb
  3560 | D:3      | Noticed Grinder
  3563 | D:3      | Paralysed by Grinder for 4 turns
  3565 | D:3      | HP: 22/49 [Grinder (3)]
  3574 | D:3      | HP: 22/49 [Ijyb/dagger of draining (1)]
  3580 | D:3      | HP: 17/49 [Ijyb/dagger of draining (6)]
  3590 | D:3      | HP: 15/49 [Ijyb/dagger of draining (2)]
  3598 | D:3      | Killed Ijyb
  3601 | D:3      | HP: 10/49 [Grinder (8)]
  3603 | D:3      | Killed Grinder
  3603 | D:3      | Reached skill level 6 in Axes
  3603 | D:3      | Reached XP level 6. HP: 6/57 MP: 6/6
  4236 | D:3      | Reached XP level 7. HP: 36/66 MP: 7/7
  4576 | D:4      | Found a runed door.
  4595 | D:4      | Noticed Defined's ghost (amateur HOFi)
  4743 | D:4      | Found a runed door.
  4788 | D:4      | Found an opulent altar of Gozag.
  4789 | D:4      | Found a sparkling altar of Nemelex Xobeh.
  5046 | D:4      | Reached skill level 7 in Axes
  5046 | D:4      | Reached skill level 1 in Armour
  5182 | D:5      | Entered Level 5 of the Dungeon
  5274 | D:5      | Reached skill level 5 in Fighting
  5329 | D:5      | Found a snail-covered altar of Cheibriados.
  5400 | D:5      | Became a worshipper of Cheibriados the Contemplative
  5472 | D:5      | Reached XP level 8. HP: 73/74 MP: 8/8
  5599 | D:5      | Reached skill level 1 in Invocations
  5604 | D:5      | Reached * piety under Cheibriados
  5605 | D:5      | HP: 35/74 [gnoll (7)]
  5610 | D:5      | HP: 30/74 [poisoned by a worker ant]
  5616 | D:5      | HP: 28/74 [poisoned by a worker ant]
  5621 | D:5      | HP: 27/74 [poisoned by a worker ant]
  5629 | D:5      | HP: 27/74 [poisoned by a worker ant]
  5634 | D:5      | HP: 27/74 [poisoned by a worker ant]
  5640 | D:5      | HP: 27/74 [poisoned by a worker ant]
  5646 | D:5      | HP: 27/74 [poisoned by a worker ant]
  5652 | D:5      | HP: 28/74 [poisoned by a worker ant]
  6145 | D:5      | Found a bloodstained altar of Trog.
  6235 | D:5      | Reached skill level 8 in Axes
  6346 | D:5      | Reached ** piety under Cheibriados
  6397 | D:6      | Found Qithrot's Book Boutique.
  6913 | D:6      | Reached XP level 9. HP: 82/82 MP: 11/11
  7161 | D:6      | Found a deep blue altar of Sif Muna.
  7173 | D:6      | Reached *** piety under Cheibriados
  7377 | D:6      | Reached skill level 9 in Axes
  7900 | D:7      | Found a hazy altar of Hepliaklqana.
  8094 | D:7      | Found a runed door.
  8108 | D:7      | Found a basalt altar of Yredelemnul.
  8286 | D:7      | Found a hide-covered altar of Uskayaw.
  8306 | D:7      | Noticed a dagger
  8306 | D:7      | Noticed a dagger
  8360 | D:7      | Found a stormy altar of Qazlal.
  8377 | D:7      | Found a staircase to the Ecumenical Temple.
  9241 | D:8      | Noticed Prince Ribbit
  9425 | D:8      | Reached **** piety under Cheibriados
  9435 | D:8      | HP: 42/85 [Prince Ribbit (2)]
  9437 | D:8      | Killed Prince Ribbit
  9916 | D:8      | Reached skill level 1 in Shields
 10007 | D:8      | Found a shattered altar of Ashenzari.
 10305 | D:8      | Reached XP level 10. HP: 90/92 MP: 13/13
 10932 | D:9      | Reached skill level 10 in Axes
 11053 | D:9      | Reached skill level 5 in Invocations
 11454 | D:9      | Reached ***** piety under Cheibriados
 11901 | D:4      | Killed Defined's ghost
 12067 | D:10     | Entered Level 10 of the Dungeon
 12086 | D:10     | Got a colourful robe
 12099 | D:10     | Identified the cursed +1 robe of Autumn {rElec} (You found it on level 10 of the Dungeon)
 12211 | D:10     | Found Biapt's Book Shoppe.
 12407 | D:10     | Noticed an unseen horror
 12413 | D:10     | Killed an unseen horror
 12529 | D:10     | Found a staircase to the Lair.
 12562 | D:10     | Found a stormy altar of Qazlal.
 12581 | D:10     | Reached skill level 5 in Shields
 12973 | Lair:1   | Entered Level 1 of the Lair of Beasts
 13061 | Lair:1   | Reached XP level 11. HP: 79/100 MP: 15/15
 13065 | Lair:1   | HP: 46/100 [wolf (6)]
 13074 | Lair:1   | Reached skill level 5 in Armour
 13300 | Lair:1   | Noticed a five-headed hydra
 13307 | Lair:1   | HP: 42/100 [five-headed hydra (13)]
 13415 | Lair:1   | HP: 45/100 [black mamba (9)]
 13417 | Lair:1   | HP: 19/100 [black mamba (8)]
 13421 | Lair:1   | Reached skill level 11 in Axes
 13619 | Lair:1   | HP: 43/102 [five-headed hydra (11)]
 13622 | Lair:1   | HP: 19/102 [five-headed hydra (3)]
 13623 | Lair:1   | HP: 7/102 [five-headed hydra (11)]
 13623 | Lair:1   | Slain by a five-headed hydra

Skill      XL: |  1  2  3  4  5  6  7  8  9 10 11 |
---------------+----------------------------------+-----
Axes           | 4 5 6 7 8 9 10 11 | 11.0
Fighting       | 3 4 5 6 7 |  7.7
Armour         | 1 3 4 5 |  5.0
Invocations    | 3 4 5 6 |  6.2
Shields        | 2 5 |  5.2
Throwing       | |  1.7
Dodging        | |  2.4

Action                   |  1- 3 |  4- 6 |  7- 9 | 10-12 || total
-------------------------+-------+-------+-------+-------++-------
Melee: War axe           |    87 |   130 |   453 |   200 ||   870
       Flail             |       |       |       |    23 ||    23
Throw: Throwing net      |       |     3 |       |     1 ||     4
Invok: Bend Time         |       |       |     2 |     2 ||     4
 Abil: Spit Poison       |     6 |     8 |    26 |     3 ||    43
Evoke: Wand              |       |     3 |       |       ||     3
  Use: Scroll            |       |     9 |    12 |     4 ||    25
 Stab: Paralysed         |       |    15 |       |       ||    15
       Held in net/web   |       |     1 |       |     1 ||     2
  Eat: Chunk             |     2 |     6 |    15 |     7 ||    30
       Ration            |       |       |       |     1 ||     1
Armor: Leather armour    |    17 |       |       |       ||    17
       Ring mail         |     2 |    90 |       |       ||    92
       Scale mail        |       |    15 |   383 |   195 ||   593
Dodge: Dodged            |    71 |    51 |   143 |    81 ||   346
Block: Other             |       |       |     8 |     7 ||    15
       Reflection        |       |       |     1 |       ||     1
       Large shield      |       |       |       |   133 ||   133

Vault maps used:
D:1:      nicolae_arrival_memento_mori
D:2:      tgw_fedhas, lemuel_blue_sif_altar, first_ration, grunt_ministairs_9
D:3:      uniq_ijyb, uniq_grinder, uniq_natasha
D:4:      grunt_temple_overflow_opulence, ebering_ghost_sewer_f
D:5:      kennysheep_mini, roderic_batcave, minmay_strange_pillars,
          trog_butcher_becter
D:6:      kennysheep_orc_sif_temple, serial_shops, nicolae_shop_trees
D:7:      dancing_weapons_uskayaw, lemuel_crystal_altar, old_standard_altar,
          minmay_temple_entry_trees, dk_yredelemnul_ordeal
D:8:      old_standard_altar, serial_co_window_serial, co_window_cross_1,
          co_window_of_opportunity_a, co_window_paths_a, co_window_cross_1,
          co_window_of_opportunity_a, co_window_corner_a, co_window_paths_a,
          co_window_corner_a, co_window_cross_1, co_window_unsneaky_path_b,
          co_window_cross_4, co_window_of_opportunity_b, co_window_cross_2,
          glass_columns_a, glass_columns_b, glass_columns_b, glass_columns_a,
          uniq_prince_ribbit1
D:9:      grunt_ogre_cave
D:10:     lair_entry_dummy, serial_shops, shop, basic_altar,
          kennysheep_generic_room_4
Lair:1:   minmay_stone_trees_small, grunt_megastairs_2
